% Time on Ice - SPOKANE KNIGHTS
Lines # - Real PCT - Wanted PCT - Time Play
Normal Forward
1 - 29% - 30% - 12:56
2 - 30% - 30% - 13:25
3 - 29% - 30% - 12:47
4 - 13% - 10% - 5:37
Normal Defense
1 - 36% - 38% - 16:18
2 - 38% - 37% - 17:00
3 - 16% - 15% - 7:13
4 - 9% - 10% - 4:14
PP Forward
1 - 51% - 60% - 5:47
2 - 49% - 40% - 5:30
PP Defense
1 - 49% - 60% - 5:32
2 - 51% - 40% - 5:45
PK Forward
1 - 37% - 50% - 0:44
2 - 63% - 50% - 1:15
PK Defense
1 - 55% - 60% - 1:05
2 - 45% - 40% - 0:54
PK3 Forward
1 - 0% - 60%
2 - 0% - 40%
PK3 Defense
1 - 0% - 60%
2 - 0% - 40%
44 Forward
1 - 28% - 50% - 0:33
2 - 72% - 50% - 1:26
44 Defense
1 - 55% - 60% - 1:06
2 - 45% - 40% - 0:53
Last Minute Offensive  - 0:00
Last Minute Defensive  - 0:00
Total
Forward - 60:00
Defense - 60:00
% Time on Ice - UTAH ICE BEARS
Lines # - Real PCT - Wanted PCT - Time Play
Normal Forward
1 - 28% - 36% - 12:33
2 - 34% - 31% - 15:15
3 - 30% - 23% - 13:21
4 - 8% - 10% - 3:36
Normal Defense
1 - 32% - 36% - 14:20
2 - 36% - 31% - 16:03
3 - 29% - 23% - 12:52
4 - 3% - 10% - 1:30
PP Forward
1 - 55% - 55% - 1:05
2 - 45% - 45% - 0:54
PP Defense
1 - 77% - 55% - 1:32
2 - 23% - 45% - 0:27
PK Forward
1 - 59% - 55% - 6:39
2 - 41% - 45% - 4:38
PK Defense
1 - 67% - 55% - 7:35
2 - 33% - 45% - 3:42
PK3 Forward
1 - 0% - 55%
2 - 0% - 45%
PK3 Defense
1 - 0% - 55%
2 - 0% - 45%
44 Forward
1 - 71% - 55% - 1:24
2 - 29% - 45% - 0:35
44 Defense
1 - 71% - 55% - 1:24
2 - 29% - 45% - 0:35
Last Minute Offensive  - 0:00
Last Minute Defensive  - 0:00
Total
Forward - 60:00
Defense - 60:00
Play-by-Play 1st period 0:01 of 1st period - Patrice Bergeron wins face-off versus Andrew Mangiapane in neutral zone. 0:13 of 1st period - Off-side. 0:14 of 1st period - Nicholas Paul wins face-off versus Sebastian Aho in neutral zone. 0:34 of 1st period - Sebastian Aho is hit by Artem Zub and loses puck. 1:01 of 1st period - Shot by Sebastian Aho. 1:01 of 1st period - Stopped by Thatcher Demko without a rebound. 1:02 of 1st period - Nick Foligno wins face-off versus Artem Anisimov in UTAH ICE BEARS zone. 2:19 of 1st period - Shot by Patrice Bergeron. 2:19 of 1st period - Deflect By Bryan Rust. 2:19 of 1st period - Shot Hit the Post. 5:14 of 1st period - MacKenzie Weegar is hit by Nick Foligno and loses puck. 5:18 of 1st period - Alexander Edler is hit by Mario Ferraro and loses puck. 5:52 of 1st period - Shot by Nicholas Paul. 5:52 of 1st period - Shot Misses the Net. 6:08 of 1st period - Shot by Nicholas Paul. 6:08 of 1st period - Stopped by Frederik Andersen with a rebound. 6:40 of 1st period - Shot by Mattias Janmark. 6:40 of 1st period - Stopped by Frederik Andersen without a rebound. 6:41 of 1st period - Artem Anisimov wins face-off versus Patrick Kane in SPOKANE KNIGHTS zone. 6:42 of 1st period - Shot by Zachary Sanford. 6:42 of 1st period - Shot Misses the Net. 7:13 of 1st period - Shot by Sebastian Aho. 7:13 of 1st period - Shot Misses the Net. 7:51 of 1st period - Shot by Nicholas Paul. 7:51 of 1st period - Stopped by Frederik Andersen without a rebound. 7:52 of 1st period - David Backes wins face-off versus Andrew Mangiapane in SPOKANE KNIGHTS zone. 7:59 of 1st period - Shot by Victor Hedman. 7:59 of 1st period - Stopped by Thatcher Demko without a rebound. 8:00 of 1st period - David Backes wins face-off versus Andrew Mangiapane in UTAH ICE BEARS zone. 8:34 of 1st period - Minor Penalty to Alexander Edler for Hooking. 8:35 of 1st period - Sebastian Aho wins face-off versus Andrew Mangiapane in UTAH ICE BEARS zone. 8:52 of 1st period - Shot by Sebastian Aho. 8:52 of 1st period - Deflect By Patrick Kane. 8:52 of 1st period - Stopped by Thatcher Demko with a rebound. 9:09 of 1st period - Shot by Sebastian Aho. 9:09 of 1st period - Shot Hit the Post. 9:11 of 1st period - Shot by Mario Ferraro. 9:11 of 1st period - Stopped by Thatcher Demko with a rebound. 9:36 of 1st period - Icing by Victor Hedman. 9:37 of 1st period - Nicholas Paul wins face-off versus Patrice Bergeron in SPOKANE KNIGHTS zone. 9:51 of 1st period - Patrice Bergeron is hit by MacKenzie Weegar and loses puck. 9:54 of 1st period - Shot by Cale Makar. 9:54 of 1st period - Stopped by Thatcher Demko with a rebound. 9:56 of 1st period - Shot by Bryan Rust. 9:56 of 1st period - Goal by Bryan Rust - SPOKANE KNIGHTS : 1 - UTAH ICE BEARS : 0. 9:57 of 1st period - Artem Anisimov wins face-off versus Nick Foligno in neutral zone. 10:00 of 1st period - Tyler Pitlick is hit by Zachary Sanford. 10:20 of 1st period - Shot by Alexander Barabanov. 10:20 of 1st period - Stopped by Frederik Andersen without a rebound. 10:21 of 1st period - Patrice Bergeron wins face-off versus Nicholas Paul in SPOKANE KNIGHTS zone. 11:06 of 1st period - Shot by Bryan Rust. 11:06 of 1st period - Stopped by Thatcher Demko without a rebound. 11:07 of 1st period - Andrew Mangiapane wins face-off versus Sebastian Aho in UTAH ICE BEARS zone. 12:16 of 1st period - Artem Anisimov is hit by Tyler Pitlick and loses puck. 13:31 of 1st period - Shot by Rudolfs Balcers. 13:31 of 1st period - Goal by Rudolfs Balcers - SPOKANE KNIGHTS : 1 - UTAH ICE BEARS : 1. 13:32 of 1st period - Sebastian Aho wins face-off versus Blake Lizotte in neutral zone. 13:35 of 1st period - Shot by Valeri Nichushkin. 13:35 of 1st period - Shot Misses the Net. 13:37 of 1st period - Shot by Mario Ferraro. 13:37 of 1st period - Shot Blocked by MacKenzie Weegar. 14:02 of 1st period - Shot by Sebastian Aho. 14:02 of 1st period - Stopped by Thatcher Demko without a rebound. 14:03 of 1st period - David Backes wins face-off versus Nicholas Paul in UTAH ICE BEARS zone. 14:06 of 1st period - Shot by Tyler Pitlick. 14:06 of 1st period - Stopped by Thatcher Demko without a rebound. 14:07 of 1st period - Patrice Bergeron wins face-off versus Nicholas Paul in UTAH ICE BEARS zone. 14:11 of 1st period - Icing by T.J. Brodie. 14:12 of 1st period - Patrice Bergeron wins face-off versus Nicholas Paul in UTAH ICE BEARS zone. 15:01 of 1st period - Icing by T.J. Brodie. 15:02 of 1st period - Nick Foligno wins face-off versus Nicholas Paul in UTAH ICE BEARS zone. 16:45 of 1st period - Shot by Cale Makar. 16:45 of 1st period - Shot Misses the Net. 16:47 of 1st period - Shot by Patrice Bergeron. 16:47 of 1st period - Stopped by Thatcher Demko with a rebound. 16:49 of 1st period - Shot by Patrice Bergeron. 16:49 of 1st period - Shot Misses the Net. 16:51 of 1st period - Shot by Victor Hedman. 16:51 of 1st period - Shot Misses the Net. 16:57 of 1st period - Shot by Patrice Bergeron. 16:57 of 1st period - Shot Misses the Net. 16:59 of 1st period - Shot by Patrice Bergeron. 16:59 of 1st period - Shot Blocked by Troy Stecher. 18:17 of 1st period - Shot by Tyler Pitlick. 18:17 of 1st period - Shot Misses the Net. 18:30 of 1st period - Off-side. 18:31 of 1st period - Sebastian Aho wins face-off versus Andrew Mangiapane in neutral zone. 18:34 of 1st period - Shot by Patrick Kane. 18:34 of 1st period - Stopped by Thatcher Demko with a rebound. 18:54 of 1st period - Minor Penalty to Alexander Edler for Unsportsmanlike conduct. 18:55 of 1st period - Patrick Kane wins face-off versus Andrew Mangiapane in UTAH ICE BEARS zone. 19:04 of 1st period - Shot by Patrick Kane. 19:04 of 1st period - Shot Blocked by MacKenzie Weegar. 19:06 of 1st period - Shot by Victor Hedman. 19:06 of 1st period - Deflect By Patrick Kane. 19:06 of 1st period - Stopped by Thatcher Demko without a rebound. 19:07 of 1st period - Patrice Bergeron wins face-off versus Andrew Mangiapane in UTAH ICE BEARS zone. Goals for this period are 1 for SPOKANE KNIGHTS vs 1 for UTAH ICE BEARS. Shots for this period are 12 for SPOKANE KNIGHTS vs 5 for UTAH ICE BEARS. 2nd period 0:01 of 2nd period - Andrew Mangiapane wins face-off versus Matthew Tkachuk in neutral zone. 0:13 of 2nd period - Shot by Matthew Tkachuk. 0:13 of 2nd period - Stopped by Thatcher Demko without a rebound. 0:14 of 2nd period - Patrice Bergeron wins face-off versus Andrew Mangiapane in UTAH ICE BEARS zone. 0:27 of 2nd period - Shot by Patrice Bergeron. 0:27 of 2nd period - Stopped by Thatcher Demko without a rebound. 0:28 of 2nd period - Sebastian Aho wins face-off versus Andrew Mangiapane in UTAH ICE BEARS zone. 0:45 of 2nd period - Shot by Patrick Kane. 0:45 of 2nd period - Stopped by Thatcher Demko with a rebound. 1:10 of 2nd period - Icing by Victor Hedman. 1:11 of 2nd period - Nick Foligno wins face-off versus Artem Anisimov in SPOKANE KNIGHTS zone. 1:11 of 2nd period - Nick Foligno is hit by Alexander Barabanov. 1:40 of 2nd period - Victor Hedman is hit by Alexander Edler. 2:04 of 2nd period - Patrice Bergeron is hit by Artem Anisimov and loses puck. 2:15 of 2nd period - Shot by Patrice Bergeron. 2:15 of 2nd period - Shot Misses the Net. 2:32 of 2nd period - Shot by Matthew Tkachuk. 2:32 of 2nd period - Stopped by Thatcher Demko without a rebound. 2:33 of 2nd period - Andrew Mangiapane wins face-off versus Sebastian Aho in UTAH ICE BEARS zone. 2:39 of 2nd period - Icing by Artem Zub. 2:40 of 2nd period - Sebastian Aho wins face-off versus Andrew Mangiapane in UTAH ICE BEARS zone. 2:44 of 2nd period - Icing by T.J. Brodie. 2:45 of 2nd period - Sebastian Aho wins face-off versus Casey Mittelstadt in UTAH ICE BEARS zone. 3:00 of 2nd period - Shot by Mattias Janmark. 3:00 of 2nd period - Stopped by Frederik Andersen without a rebound. 3:01 of 2nd period - Nicholas Paul wins face-off versus Nick Foligno in SPOKANE KNIGHTS zone. 3:18 of 2nd period - Shot by Tyler Pitlick. 3:18 of 2nd period - Stopped by Thatcher Demko with a rebound. 4:10 of 2nd period - Icing by Mario Ferraro. 4:11 of 2nd period - Nick Foligno wins face-off versus Artem Anisimov in SPOKANE KNIGHTS zone. 4:23 of 2nd period - Shot by Zachary Sanford. 4:23 of 2nd period - Shot Blocked by Mario Ferraro. 5:03 of 2nd period - Off-side. 5:04 of 2nd period - Patrice Bergeron wins face-off versus Andrew Mangiapane in neutral zone. 5:18 of 2nd period - Shot by Matthew Tkachuk. 5:18 of 2nd period - Shot Misses the Net. 5:24 of 2nd period - Victor Hedman is hit by Casey Mittelstadt and